 Dungeon Crawl Stone Soup version 0.31.0-32-g396128a36d (webtiles) character file.

Game seed: 18060651879463210157

4019 Peloso the Carver (level 10, -2/88 HPs)
             Began as a Minotaur Fighter on Mar 23, 2024.
             Slain by a hornet (5 damage)
             ... while paralysed by a hornet
             ... on level 8 of the Dungeon.
             The game lasted 00:13:35 (7701 turns).

Peloso the Carver (Minotaur Fighter)                Turns: 7701, Time: 00:13:36

Health: -2/88      AC: 13    Str: 22    XL:     10   Next: 3%
Magic:  0/9        EV:  2    Int:  5    God:
Gold:   351        SH:  0    Dex: 13    Spells: 9/9 levels left

rFire   . . .        a - +3 scimitar
rCold   . . .        d - +0 buckler
rNeg    . . .        o - +0 chain mail
rPois   .            (helmet restricted)
rElec   .            (no cloak)
rCorr   .            (no gloves)
SInv    .            c - +1 pair of boots
Will    .....        g - amulet of guardian spirit Stlth
                     (no ring)
HPRegen 0.34/turn    (no ring)
MPRegen 0.11/turn

%: guardian spirit
@: paralysed, slowed
A: horns 2, retaliatory headbutt
a: no special abilities


You were on level 8 of the Dungeon.
You visited 2 branches of the dungeon, and saw 9 of its levels.

You collected 378 gold pieces.
You spent 27 gold pieces at shops.

Inventory:

Hand Weapons
 a - a +3 scimitar (weapon)
Missiles
 q - a throwing net (quivered)
Armour
 b - a +0 scale mail
 c - a +1 pair of boots (worn)
 d - a +0 buckler (worn)
 o - a +0 chain mail (worn)
Jewellery
 g - an amulet of guardian spirit (around neck)
 m - a ring of fire
Wands
 t - a wand of flame (44)
Scrolls
 e - 5 scrolls of identify
 f - 3 scrolls of immolation {unknown}
 h - 3 scrolls of poison {unknown}
 i - a scroll of amnesia
 j - 2 scrolls of brand weapon {unknown}
 k - 2 scrolls of teleportation
 l - a scroll of noise {unknown}
 n - a scroll of vulnerability {unknown}
 u - a scroll of enchant armour
Potions
 r - a potion of mutation {unknown}
 s - a potion of attraction {unknown}
 v - a potion of magic {unknown}


   Skills:
 + Level 8.2 Fighting
 + Level 11.2 Long Blades
 + Level 9.7 Armour
 + Level 3.4 Dodging
 + Level 0.2 Stealth
 + Level 6.4 Shields


You had 9 spell levels left.
You didn't know any spells.
Your spell library contained the following spells:

 Spells                   Type           Power      Damage    Failure   Level
 Leda's Liquefaction      Alch/Erth      0%         N/A       100%        4
 Lee's Rapid Deconstruct  Erth           0%         3d4*      100%        5
 Bombard                  Conj/Erth      0%         9d1       100%        6


Dungeon Overview and Level Annotations

Branches:
Dungeon (8/15)             Temple (1/1) D:4
   Lair: D:8-11

Altars:
Ashenzari
Elyvilon
Fedhas
Gozag
Kikubaaqudgha
Makhleb
Nemelex Xobeh
Qazlal
Ru
Uskayaw
Wu Jian
Xom
The Shining One

Shops:
D:1 *   D:3 =


Innate Abilities, Weirdness & Mutations

You have a pair of horns on your head.
You reflexively headbutt those who attack you in melee.


Message History

The hornet stings you but does no damage.
The white imp hits you but does no damage.
You can move again.
Unknown command.
You hit the hornet.
The hornet is heavily wounded.
You feel yourself speed up.
You feel very sick.
The hornet stings you but does no damage.
The hornet stings you!
You feel yourself slow down. You block the white imp's attack.
You hit the hornet but do no damage.
The hornet is heavily wounded.
You feel very sick. The hornet stings you.
* * * LOW HITPOINT WARNING * * *
You are more poisoned.
You feel as though you will be slow longer.
The white imp completely misses you. You furiously retaliate!
You headbutt the white imp!
You kill the white imp!
The hornet stings you.
* * * LOW HITPOINT WARNING * * *
You feel as though you will be slow longer.
You feel better. The hornet closely misses you. The hornet stings you!
* * * LOW HITPOINT WARNING * * *
You feel as though you will be slow longer.
Unknown command.
You hit the hornet but do no damage.
The hornet is heavily wounded.
The hornet stings you!
* * * LOW HITPOINT WARNING * * *
You suddenly lose the ability to move!
The hornet stings you.
* * * LOW HITPOINT WARNING * * *
You feel as though you will be slow longer.
The hornet stings you!
* * * LOW HITPOINT WARNING * * *
You feel as though you will be slow longer.
The hornet stings you.
You die...

.......<................#....
...#....[...............)....
.. #.....)...................
...#.........................
........######......##......#
........## ###.....###.....##
.........###.#....###.†....#
.................####......#
.....###.>..@y........z.....#
..... #.........#............
............###.#............
............# ..####........
.##.........# . .# #........
#.........# # #........
#........## ......... ......


You could see a hornet.

Vanquished Creatures
  A two-headed ogre (D:5)
  A troll (D:8)
  A wyvern (D:7)
  A steam dragon (D:7)
  A sky beast (D:7)
  A black bear (D:5)
  An ice beast (D:6)
  2 ogres
  2 centaurs (D:7)
  A phantom (D:4)
  A kobold brigand (D:8)
  3 bullfrogs (D:7)
  A scorpion (D:5)
  7 wights
  3 killer bees (D:7)
  9 howler monkeys
  3 bombardier beetles
  A crimson imp (D:4)
  A jelly (D:7)
  2 quasits (D:5)
  5 hounds
  5 orc priests
  4 iguanas
  9 orc wizards
  5 adders
  3 shadow imps (D:5)
  4 white imps
  An ufetubus (D:5)
  4 dart slugs
  2 ribbon worms
  35 orcs
  9 ball pythons
  7 bats
  6 endoplasms
  2 giant cockroaches (D:2)
  3 goblins
  6 hobgoblins
  7 jackals
  3 quokkas
  A frilled lizard (D:2)
  5 goblin skeletons (D:4)
  2 goblin zombies (D:4)
  2 hobgoblin zombies (D:4)
  13 kobolds
  A kobold zombie (D:4)
  An orc skeleton (D:4)
  An orc zombie (D:4)
  5 rats
194 creatures vanquished.

Notes
Turn   | Place    | Note
-------+----------+-------------------------------------------
     0 | D:1      | Peloso the Minotaur Fighter began the quest for the Orb.
     0 | D:1      | Reached XP level 1. HP: 19/19 MP: 0/0
   172 | D:1      | Reached XP level 2. HP: 27/27 MP: 1/1
   271 | D:1      | You fall into a shaft and drop 1 floor!
   313 | D:1      | Found Qaebeq's Assorted Antiques.
   330 | D:1      | Bought a scroll labelled NARREW TACESHRU for 27 gold pieces
  1130 | D:2      | Reached XP level 3. HP: 32/33 MP: 2/2
  1566 | D:3      | Reached skill level 3 in Long Blades
  1660 | D:3      | Reached XP level 4. HP: 40/40 MP: 3/3
  1682 | D:3      | Found Unaizxao's Jewellery Boutique.
  2174 | D:4      | Found a staircase to the Ecumenical Temple.
  2196 | D:3      | Reached skill level 4 in Long Blades
  2260 | D:4      | Reached skill level 1 in Dodging
  2260 | D:4      | Reached XP level 5. HP: 39/46 MP: 2/4
  2298 | D:4      | Reached skill level 5 in Armour
  2327 | Temple   | Entered the Ecumenical Temple
  2571 | D:4      | Reached XP level 6. HP: 45/53 MP: 5/5
  2864 | D:4      | Reached skill level 5 in Fighting
  2864 | D:4      | Reached skill level 5 in Long Blades
  3040 | D:4      | Found a glowing golden altar of the Shining One.
  3344 | D:4      | Reached XP level 7. HP: 57/61 MP: 6/6
  3452 | D:5      | Entered Level 5 of the Dungeon
  3455 | D:5      | Reached skill level 6 in Long Blades
  3472 | D:5      | Noticed a two-headed ogre
  3485 | D:5      | Killed a two-headed ogre
  3486 | D:5      | Reached skill level 7 in Long Blades
  3486 | D:5      | Reached skill level 5 in Shields
  3486 | D:5      | Reached XP level 8. HP: 8/70 MP: 1/7
  3744 | D:5      | Reached skill level 8 in Long Blades
  3829 | D:5      | Found a white marble altar of Elyvilon.
  3829 | D:5      | Found an ancient bone altar of Kikubaaqudgha.
  3831 | D:5      | Found a burning altar of Makhleb.
  3831 | D:5      | Found a broken altar of Ashenzari.
  3834 | D:5      | Found a blossoming altar of Fedhas.
  3834 | D:5      | Found a sparkling altar of Nemelex Xobeh.
  4599 | D:5      | Found the +8 trident of the Octopus King {venom, rElec
                  | rPois}
  4731 | D:6      | Reached skill level 9 in Long Blades
  5300 | D:6      | Reached XP level 9. HP: 78/78 MP: 6/8
  5543 | D:7      | Reached skill level 10 in Long Blades
  5566 | D:7      | HP: 1/78 [orc priest/+0 flail (9)]
  6404 | D:7      | Identified the +3 mace of the Tooth {heavy, Dex+2}
  6617 | D:7      | Reached skill level 11 in Long Blades
  7411 | D:8      | Noticed a troll
  7425 | D:8      | Killed a troll
  7426 | D:8      | Reached XP level 10. HP: 40/88 MP: 3/9
  7689 | D:8      | Paralysed by a hornet for 2 turns
  7696 | D:8      | Paralysed by a hornet for 1 turns
  7700 | D:8      | Paralysed by a hornet for 2 turns
  7701 | D:8      | HP: 3/88 [hornet (6)]
  7701 | D:8      | Slain by a hornet

Illustrated notes

Levels and vault maps discovered:
D:1:      scummos_arrival_checkerplants, layout_loops_corners, serial_shops,
          shop
D:2:      layout_basic, kennysheep_decorative_pillar, minivault_19,
          serial_bayou_pond_c
D:3:      layout_basic, serial_shops, nicolae_shop_gaudy_bauble
D:4:      cheibrodos_barr_body, layout_cave_pools, nicolae_tso_besieged_by_evil,
          minmay_temple_entry_statues, kennysheep_generic_room_15
D:5:      layout_basic, grunt_temple_overflow_open, serial_demonic,
          serial_demonic_d, serial_demonic_d, serial_demonic_c,
          serial_demonic_a, serial_demonic_f
D:6:      layout_loops_cross
D:7:      layout_basic, minmay_door_square
D:8:      layout_cave_pools
Temple:   nicolae_temple_stand_before_the_council

Skill      XL: |  1  2  3  4  5  6  7  8  9 |
---------------+----------------------------+-----
Armour         | 4 5 7 8 9 |  9.7
Shields        | 4 5 6 |  6.4
Fighting       | 4 5 6 8 |  8.2
Long Blades    | 3 4 5 7 9 11 | 11.2
Dodging        | 1 2 3 |  3.4
Stealth        | |  0.2

Action                     |  1- 3 |  4- 6 |  7- 9 | 10-12 || total
---------------------------+-------+-------+-------+-------++-------
  Melee: Long sword        |   101 |   211 |   276 |       ||   588
         Headbutt          |    18 |    27 |    60 |     5 ||   110
         Scimitar          |       |       |    35 |    19 ||    54
    Use: Scroll            |     4 |     2 |     2 |       ||     8
         Potion            |       |     1 |     5 |     1 ||     7
 Armour: Scale mail        |    87 |   184 |       |       ||   271
         Chain mail        |       |    35 |   282 |    22 ||   339
  Dodge: Dodged            |    64 |   103 |   151 |     8 ||   326
  Block: Buckler           |    29 |    68 |    89 |     6 ||   192
